 Dungeon Crawl Stone Soup version 0.22-a0-362-g535178c (webtiles) character file.

235 khargal the Cudgeler (level 5, 0/47 HPs)
             Began as a Draconian Monk on Apr 21, 2018.
             Slain by an iguana (8 damage)
             ... on level 4 of the Dungeon.
             The game lasted 00:05:39 (3301 turns).

khargal the Cudgeler (Draconian Monk)               Turns: 3301, Time: 00:05:40

Health: 0/47       AC:  9    Str: 16    XL:     5   Next: 76%
Magic:  5/5        EV: 14    Int: 11    God:
Gold:   130        SH:  0    Dex: 14    Spells: 4/4 levels left

rFire    . . .     SeeInvis .   k - +1 whip (freeze)
rCold    . . .     Gourm    .   (no shield)
rNeg     . . .     Faith    .   (armour unavailable)
rPois    .         Spirit   .   (helmet restricted)
rElec    .         Reflect  .   (no cloak)
rCorr    .         Harm     .   j - +0 pair of gloves
MR       .....                  (no boots)
Stlth    ++........             (no amulet)
HPRegen  0.15/turn              e - +3 ring of protection
MPRegen  0.09/turn              a - +3 ring of strength

@: no status effects
A: unfitting armour, cold-blooded, AC +5
a: no special abilities


You were on level 4 of the Dungeon.
You were not hungry.

You visited 1 branch of the dungeon, and saw 4 of its levels.

You collected 130 gold pieces.

Inventory:

Hand Weapons
 k - a +1 whip of freezing (weapon)
Missiles
 d - 32 poisoned needles
Armour
 j - a +0 pair of gloves (worn)
Jewellery
 a - a +3 ring of strength (right hand)
 e - a +3 ring of protection (left hand)
Scrolls
 c - a scroll of random uselessness
 f - a scroll of amnesia
 h - a scroll of magic mapping {unknown}
Potions
 g - 2 potions of curing
Comestibles
 b - 9 rations
 i - a chunk of flesh


   Skills:
 + Level 4.3 Fighting
 + Level 4.6 Maces & Flails
 + Level 4.0 Dodging
 + Level 2.6 Stealth


You had 4 spell levels left.
You didn't know any spells.

Dungeon Overview and Level Annotations

Branches:
Dungeon (4/15)
 Temple: D:4-7

Altars:
Nemelex Xobeh


Innate Abilities, Weirdness & Mutations

Your plain brown scales are hard. (AC +5)
You cannot fit into any form of body armour.
You are cold-blooded and may be slowed by cold attacks.


Message History

You barely miss the hound.
The hound is severely wounded.
The worker ant misses you. The hound barely misses you. The iguana bites you!
You hit the hound. You freeze the hound.
You kill the hound!
Your Dodging skill increases to level 4!
The worker ant closely misses you. The worker ant bites you.
You barely miss the iguana. The iguana barely misses you.
The worker ant bites you.
You hit the iguana but do no damage. The iguana closely misses you.
The worker ant bites you but does no damage.
You hit the iguana but do no damage. The iguana bites you!
* * * LOW HITPOINT WARNING * * *
The worker ant bites you.
* * * LOW HITPOINT WARNING * * *
You hit the iguana but do no damage. The iguana barely misses you.
The worker ant misses you.
You hit the iguana but do no damage. The worker ant misses you.
The iguana bites you!
You die...

...)........
.(........#
#..........
#.........#
#.........#
#.........#
#..l......#
#..@.....!#
#...a.....#
##$<.....##
##.....##
#######


You could see an iguana and a worker ant.

Vanquished Creatures
  A hound (D:4)
  An orc wizard (D:3)
  A gnoll (D:1)
  9 adders
  A worm (D:2)
  2 dart slugs
  2 leopard geckos (D:1)
  5 orcs (D:3)
  2 giant cockroaches (D:1)
  9 goblins
  8 hobgoblins
  9 jackals
  6 kobolds
  7 bats
  4 frilled lizards
  7 rats
74 creatures vanquished.

Notes
Turn   | Place    | Note
-------+----------+-------------------------------------------
     0 | D:1      | khargal the Draconian Monk began the quest for the Orb.
     0 | D:1      | Reached XP level 1. HP: 19/19 MP: 1/1
   316 | D:1      | Reached XP level 2. HP: 15/26 MP: 2/2
   772 | D:1      | Reached XP level 3. HP: 22/33 MP: 3/3
  1658 | D:2      | Reached XP level 4. HP: 33/40 MP: 4/4
  1874 | D:2      | Found a sparkling altar of Nemelex Xobeh.
  2431 | D:3      | Reached XP level 5. HP: 27/46 MP: 5/5
  3301 | D:4      | Slain by an iguana

Vault maps used:
D:1:      dpeg_arrival_renting, bh_walls_and_bars
D:2:      minmay_wonky_spiral, first_ration, lemuel_statue_altar
D:4:      overflow_temple_1_default, lightli_ossuary_entry_decrepit_ruins,
          grunt_gozag_breadcrumbs

Skill      XL: |  1  2  3  4  5 |
---------------+----------------+-----
Dodging        | 3 4 |  4.0
Stealth        | 2 |  2.6
Fighting       | 4 |  4.3
Maces & Flails | 4 |  4.6

Action                   |  1- 3 |  4- 6 || total
-------------------------+-------+-------++-------
Melee: Mace              |    66 |       ||    66
       Tailslap          |    19 |    28 ||    47
       Whip              |    82 |   184 ||   266
  Use: Scroll            |     6 |     2 ||     8
       Potion            |       |     7 ||     7
 Stab: Sleeping          |     4 |     2 ||     6
  Eat: Chunk             |     2 |     6 ||     8
Armor: Skin              |    44 |    59 ||   103
Dodge: Dodged            |   132 |   162 ||   294

Table legend:
 A = Spawn XP
 B = Non-spawn XP
 C = Spawn XP percentage of total XP
 D = Spawn monster count
 E = Non-spawn monster count
 F = Spawn count percentage of total count
 G = Total turns spent on level
                    A         B        C        D         E        F      G
               +---------+---------+-------+---------+---------+-------+---------
         Total |       0 |     337 |   0.0 |       0 |      74 |   0.0 |  3301
               +---------+---------+-------+---------+---------+-------+---------
           D:1 |       0 |      59 |   0.0 |       0 |      26 |   0.0 |  1288
           D:2 |       0 |      71 |   0.0 |       0 |      21 |   0.0 |   809
           D:3 |       0 |     149 |   0.0 |       0 |      25 |   0.0 |  1188
           D:4 |       0 |      58 |   0.0 |       0 |       2 |   0.0 |    16
               +---------+---------+-------+---------+---------+-------+---------
